[Event "GrandPrix_29.05"]
[Site "Chess.com"]
[Date "2020.05.29"]
[Round "4"]
[White "Kildepiotr"]
[Black "Onischuk_V"]
[Result "1/2-1/2"]
[WhiteElo "2222"]
[BlackElo "2291"]
[TimeControl "600+2"]
[EndTime "11:00:21 PDT"]
[Termination "Game drawn by repetition"]

1. Nf3 g6 2. g3 Bg7 3. d4 d6 4. Bg2 Nf6 5. O-O O-O 6. Nbd2 Nc6 7. e4 e5 8. dxe5 dxe5 9. c3 a5 10. Qe2 b6 11. Rd1 Ba6 12. Qe1 Qe7 13. Bf1 Bb7 14.
Nc4 Rad8 15. Bg5 h6 16. Bxf6 Qxf6 17. Nfd2 h5 18. Ne3 Ne7 19. Bg2 Qe6 20. Ndc4 a4 21.
b4 Bh6 22. a3 Ba6 23. Bf1 Bb7 24. Bg2 h4 25. Rxd8 Rxd8 26. Rd1 Re8 27. Nd5 Nxd5 28.
exd5 Qd7 29. Qe4 h3 30. Qh4 hxg2 31. Qxh6 Ba6 32. Ne3 Be2 33. Rd2 Bf3 34. Nxg2 Qf5 35. Qe3 Qb1+ 36. Qe1 Qb3 37. Qc1 Bxd5 38. Ne3 Bf3 39.
c4 c6 40. Kf1 b5 41. c5 Qe6 42.
Kg1 Kg7 43. Rd6 Qh3 44. Qf1 Qh5 45. h3 Rh8 46. Kh2 Qg5 47. Rd3 Qf6 48. Rd6 Qe7 49.
Qd3 Qg5 50. Qf1 f5 51. Ng2 f4 52. Rd7+ Kf8 53. Qd3 Bd5 54. Nh4 fxg3+ 55. fxg3 Rxh4 56. Rxd5 cxd5 57. gxh4 Qf4+ 58. Kg2 d4 59. Qxg6 Qd2+ 60. Kg3 Qe3+ 61. Kg2 d3 62. Qf6+ Ke8 63. Qe6+ Kd8 64. Qd6+ Ke8 65. Qe6+ Kf8 66. Qf6+ Kg8 67. Qg6+ Kh8 68.
Qf6+ Kh7 69. Qf7+ Kh6 70. Qf6+ Kh5 71. Qf5+ Kh6 72. Qf6+ Kh7 73. Qf7+ Kh8 74. Qf8+ Kh7 75. Qf7+ 1/2-1/2

[Event "GrandPrix_29.05"]
[Site "Chess.com"]
[Date "2020.05.29"]
[Round "4"]
[White "ZoranRunic1"]
[Black "Vnebo"]
[Result "1-0"]
[WhiteElo "2109"]
[BlackElo "2056"]
[TimeControl "600+2"]
[EndTime "11:00:22 PDT"]
[Termination "ZoranRunic1 won by resignation"]

1. e4 c5 2. Nf3 d6 3. d4 cxd4 4. Nxd4 Nf6 5. Nc3 Nc6 6. Bc4 Bd7 7. Bb3 g6 8. f3 Bg7 9. Be3 O-O 10. Qd2 Rc8 11.
O-O-O Nxd4 12. Bxd4 b5 13. Nd5 Nxd5 14. Bxg7 Kxg7 15.
exd5 a5 16. a3 Kg8 17. g4 Rc5 18. h4 b4 19. axb4 axb4 20. h5 Qa5 21. Qh6 Qa1+ 22.
Kd2 Qxb2 23. hxg6 Rxc2+ 24. Bxc2 Qc3+ 25. Ke2 Qxc2+ 26. Rd2 Qxg6 27. Qf4 b3 28. Rh6 Qg7 29. Rh5 b2 30. Qb4 Bxg4 31. Rh4 Bf5 32. Qxb2 Qg2+ 33. Ke3 Qg1+ 34. Kf4 e5+ 35. dxe6 fxe6 36. Rg2+ Bg6+ 37. Kg3 Qe1+ 38. Qf2 Qe5+ 39. f4 Qf6 40. Kh2 Rf7 41.
Rhg4 Kh8 42. Qb6 d5 43. Qb8+ Rf8 44. Qd6 Bf5 45. R4g3 Rc8 46. Rg5 Qh6+ 47. Kg1 Rc1+ 48. Kf2 Rc2+ 49. Ke3 Rc3+ 50. Kd2 Rc8 51. Qe5+ 1-0

[Event "GrandPrix_29.05"]
[Site "Chess.com"]
[Date "2020.05.29"]
[Round "4"]
[White "crazyboy26"]
[Black "TheJoker64"]
[Result "1/2-1/2"]
[WhiteElo "2320"]
[BlackElo "2443"]
[TimeControl "600+2"]
[EndTime "11:00:23 PDT"]
[Termination "Game drawn by repetition"]

1. e4 c5 2. Nf3 Nc6 3. Bb5 Nf6 4. Bxc6 dxc6 5. d3 Qc7 6. Nbd2 e5 7. Nc4 b5 8. Ne3 Be6 9. Ng5 Bd7 10. a4 h6 11.
Nf3 Be7 12. b3 Be6 13. Bb2 Nd7 14. O-O O-O 15. axb5 cxb5 16. Ra6 Bf6 17. Qa1 Qb7 18. Qa2 Nb8 19. Rxe6 fxe6 20. Nxe5 Nc6 21. N3g4 Nxe5 22. Nxe5 a5 23. b4 Bxe5 24. Qxe6+ Qf7 25. Qxe5 cxb4 26.
Qxb5 Rfb8 27. Qa4 Qe8 28. Qa1 Qf7 29. f4 a4 30. Rf3 a3 31. Be5 Rb6 32. h3 b3 33. cxb3 Qxb3 34. Kh2 a2 35. Rg3 g6 36.
f5 g5 37. h4 Qb1 38. Qd4 a1=Q 39. Qd5+ Kf8 40. Bxa1 Rxa1 41. Qd8+ Kf7 42. Qd7+ Kf8 43. Qd8+ Kf7 44. Qd7+ Kf8 45. Qd8+ 1/2-1/2

[Event "GrandPrix_29.05"]
[Site "Chess.com"]
[Date "2020.05.29"]
[Round "4"]
[White "Angry_Twin"]
[Black "SuperFineHipster"]
[Result "1-0"]
[WhiteElo "2436"]
[BlackElo "2123"]
[TimeControl "600+2"]
[EndTime "11:00:27 PDT"]
[Termination "Angry_Twin won by checkmate"]

1. e4 c5 2. Nf3 d6 3. d4 cxd4 4. Nxd4 Nf6 5. Nc3 a6 6. Be3 e5 7.
Nb3 Be6 8. f3 h5 9. Qd2 Nbd7 10.
Nd5 Bxd5 11. exd5 Rc8 12. Be2 Nb6 13. Na5 Nbxd5 14. Nxb7 Qc7 15. Bxa6 Ra8 16. Bb5+ Ke7 17. Nxd6 Qxd6 18. Bf2 Qb4 19. c4 Qxd2+ 20. Kxd2 Nc7 21. Bc6 Rc8 22. Rhe1 g6 23. Bg3 Ne6 24. Bb5 Bh6+ 25.
Ke2 e4 26. Kf1 exf3 27. gxf3 Rhd8 28. a4 Rd3 29. a5 Rxf3+ 30. Kg2 Rb3 31. a6 Rxb2+ 32.
Kh1 h4 33. Be5 Rf2 34. a7 Ng4 35. Bb8 Bf4 36. a8=Q Rxb8 37. Qa7+ Kf6 38. Rf1 Rxh2+ 39. Kg1 Rd8 40. Ra2 Rh3 41. Rg2 Kg5 42. Re1 Rdd3 43. Qxf7 Be3+ 44. Kf1 Rh1+ 45. Ke2 Rd2+ 46. Kf3 Rxe1 47.
Rxg4+ Kh6 48. Qxg6# 1-0

[Event "GrandPrix_29.05"]
[Site "Chess.com"]
[Date "2020.05.29"]
[Round "4"]
[White "viktorko131"]
[Black "ZEN-22"]
[Result "1-0"]
[WhiteElo "2195"]
[BlackElo "1996"]
[TimeControl "600+2"]
[EndTime "11:00:27 PDT"]
[Termination "viktorko131 won by checkmate"]

1. e4 d6 2. d4 Nd7 3. Nf3 e5 4. Nc3 Ngf6 5. Bc4 Be7 6. O-O O-O 7. a4 a5 8. Re1 c6 9. Bb3 exd4 10. Nxd4 Nc5 11. Ba2 Re8 12. h3 h6 13. Bf4 Bf8 14. Qf3 Ne6 15. Be3 Nxd4 16. Bxd4 Be6 17. Rad1 Bxa2 18. Nxa2 Nd7 19. Nc3 Ne5 20. Qg3 Ng6 21. Nb1 Qd7 22. Nd2 c5 23. Bc3 Qxa4 24. b3 Qc6 25. Nc4 Rxe4 26. Nxa5 Rxe1+ 27. Rxe1 Qd5 28. Nc4 Qf5 29. Ne3 Qg5 30. Qf3 Ra2 31. Qxb7 Nh4 32.
Qe4 d5 33. Qxd5 Qxd5 34. Nxd5 Rxc2 35. Re8 f6 36. g3 Nf3+ 37. Kg2 Nd4 38. Rb8 Ne2 39.
Ba5 Kf7 40. Rb7+ Ke6 41. Nc7+ Kf5 42. Nb5 g5 43. Rf7 Ra2 44. Bb6 Nd4 45. Nxd4+ cxd4 46. Rxf8 d3 47. Rd8 Rb2 48. Kf3 Rxb3 49. Be3 Ke6 50.
Bd2 f5 51. Ke3 f4+ 52. gxf4 gxf4+ 53. Kxf4 Ke7 54. Rd4 h5 55. Ke3 Ke6 56. Rxd3 Rb1 57. Kf4 Rg1 58. Rg3 Rd1 59. Be3 Kf6 60. Rg8 Rh1 61.
Rg3 h4 62. Rf3 Rb1 63. Kg4+ Kg6 64. Kxh4 Rb4+ 65. Kg3 Rb1 66. h4 Kh5 67. Rf5+ Kg6 68. Rg5+ Kh7 69. h5 Rh1 70. Ra5 Kg7 71. Kg4 Rg1+ 72.
Kf5 Rh1 73. Ra7+ Kg8 74. h6 Rg1 75. Kf6 Kh8 76. Bg5 Rb1 77. f4 Rb6+ 78. Kf5 Kg8 79. h7+ Kh8 80. Kg4 Rg6 81. Ra8+ Kxh7 82. f5 Rg7 83. Kh5 Rf7 84. f6 Rb7 85. Re8 Rb5 86. f7 Rf5 87. f8=Q Rxg5+ 88. Kh4 Rh5+ 89. Kg4 Rg5+ 90. Kf4 Rf5+ 91. Qxf5+ Kh6 92. Re6+ Kg7 93. Qg6+ Kh8 94. Re8# 1-0

[Event "GrandPrix_29.05"]
[Site "Chess.com"]
[Date "2020.05.29"]
[Round "4"]
[White "AsadliVugar"]
[Black "IljaJoke"]
[Result "1-0"]
[WhiteElo "2308"]
[BlackElo "2275"]
[TimeControl "600+2"]
[EndTime "11:00:28 PDT"]
[Termination "AsadliVugar won by resignation"]

1. e4 e5 2. Nf3 Nc6 3. Bc4 Bc5 4. c3 Nf6 5. d3 O-O 6. O-O d5 7. exd5 Nxd5 8. a4 a6 9. a5 Bg4 10. Re1 b5 11. axb6 Nxb6 12. Bb3 Kh8 13. h3 Bh5 14. Be3 Bxe3 15. Rxe3 Nd5 16. Bxd5 Qxd5 17. Nbd2 f5 18. Qa4 f4 19. Ree1 Rf6 20. Qe4 Rd6 21. Nxe5 Qxe4 22.
Rxe4 Nxe5 23. Rxe5 Rxd3 24. Ne4 Bg6 25. Nc5 Rd6 26. Re7 Rc6 27. b4 Re8 28. Rxe8+ Bxe8 29. Rxa6 Rxa6 30. Nxa6 c6 31. Nc5 g5 32. h4 gxh4 33.
f3 Kg7 34. Kh2 Kf6 35. Kh3 Bf7 36. Kxh4 Bc4 37. Ne4+ Ke5 38. Nd2 Bd3 39. Kg5 Be2 40. Kg4 Bd3 41. Kh3 Bf5+ 42. Kh2 c5 43. bxc5 Kd5 44. Ne4 h5 45. Kg1 h4 46. Kf2 Bc8 47. c4+ Ke5 48. c6 Ba6 49. c7 Bc8 50. c5 Kd5 51.
Nd6 Bd7 52. c8=Q Bxc8 53. Nxc8 Kxc5 54. Ne7 Kd6 55. Ng6 1-0

[Event "GrandPrix_29.05"]
[Site "Chess.com"]
[Date "2020.05.29"]
[Round "4"]
[White "elohunter1999"]
[Black "Thor736"]
[Result "1-0"]
[WhiteElo "2173"]
[BlackElo "1996"]
[TimeControl "600+2"]
[EndTime "11:00:30 PDT"]
[Termination "elohunter1999 won on time"]

1. e4 c5 2. Nf3 d6 3. d4 cxd4 4.
Nxd4 Nf6 5. Nc3 a6 6. Be3 e5 7. Nb3 Be6 8. f3 h5 9. Qd2 Nbd7 10. Nd5 Bxd5 11. exd5 g6 12. Be2 Bg7 13. Na5 Qc7 14.
Rc1 e4 15. f4 Ng4 16. Bxg4 hxg4 17. c4 Nc5 18. O-O Nd3 19. Rc2 f5 20. b4 b6 21.
Nc6 O-O 22. Bd4 a5 23. Bxg7 Qxg7 24. b5 g5 25. fxg5 f4 26. Qe2 f3 27. Qxe4 Nf4 28.
gxf3 Rae8 29. Qd4 Ne2+ 30. Rxe2 Rxe2 31. Qxg7+ Kxg7 32. Nd4 Rxa2 33. Ne6+ Kg8 34. Nxf8 Kxf8 35. f4 a4 36. f5 a3 37. f6 Rc2 38. g6 Rxc4 39.
Kg2 Rc3 40. Re1 Rc8 41. Kg3 a2 42. Ra1 Rc2 43. Kxg4 Rxh2 44. Kf5 Re2 45. Rh1 Re5+ 46. Kf4 Kg8 47. f7+ Kg7 48. Rh8 1-0

[Event "GrandPrix_29.05"]
[Site "Chess.com"]
[Date "2020.05.29"]
[Round "4"]
[White "wnstop"]
[Black "cukus"]
[Result "1-0"]
[WhiteElo "2248"]
[BlackElo "2174"]
[TimeControl "600+2"]
[EndTime "11:00:32 PDT"]
[Termination "wnstop won by resignation"]

1. e4 c6 2. d4 d5 3. e5 c5 4.
dxc5 e6 5. a3 Bxc5 6. Qg4 Ne7 7.
Bd3 Ng6 8. Nf3 Nc6 9. Qg3 Bb6 10. b4 Nd4 11. Nbd2 Qc7 12. Ra2 Bd7 13. O-O O-O 14.
Re1 Rac8 15. Qg4 Nxf3+ 16. Nxf3 f5 17. Qh5 Ne7 18. Bg5 Be8 19. Qh4 Ng6 20. Qh3 Qf7 21. Bd2 h6 22. Raa1 a6 23. a4 Bc7 24. b5 a5 25. Qg3 Bb6 26. h4 Ne7 27. Qh3 f4 28.
Qg4 Kh8 29. Rac1 Qh5 30. Qxe6 Bg6 31. Qxe7 Bc5 32. Qe6 Bf5 33. Bxf5 Rce8 34. Qg6 Qxf5 35. Qxf5 Rxf5 36. c4 d4 37. Re4 b6 38. Rxf4 Rxf4 39.
Bxf4 d3 40. Rd1 Rf8 41. g3 Rc8 42. Rxd3 Bb4 43. Rd4 Bc3 44. Re4 g5 45. hxg5 hxg5 46. Nxg5 Kg7 47. e6 Kf6 48. e7 Bb4 49. e8=Q 1-0

[Event "GrandPrix_29.05"]
[Site "Chess.com"]
[Date "2020.05.29"]
[Round "4"]
[White "viktorskliarov"]
[Black "Meri-Arabidze"]
[Result "1-0"]
[WhiteElo "2183"]
[BlackElo "1982"]
[TimeControl "600+2"]
[EndTime "11:00:33 PDT"]
[Termination "viktorskliarov won by resignation"]

1. e4 c5 2. Nf3 e6 3. d4 cxd4 4. Nxd4 Nc6 5. Nc3 a6 6. Be2 d6 7.
O-O Nf6 8. Be3 Be7 9. Kh1 O-O 10. f4 Qc7 11. Qe1 Nxd4 12. Bxd4 b5 13. a3 Bb7 14.
Qg3 g6 15. Bd3 e5 16. fxe5 Nh5 17. Qf2 dxe5 18. Bb6 Qc8 19. Nd5 Bxd5 20. exd5 f5 21. a4 b4 22. c4 bxc3 23. Rac1 Nf4 24. Bb1 Qb7 25. Rxc3 Nxd5 26. Ba2 Kh8 27. Bxd5 Qxd5 28. Rc7 Bf6 29. Qe3 Rac8 30. Qh6 Qg8 31. Rfc1 Rxc7 32. Rxc7 Bg7 33. Qh4 Qb3 34. Qe7 Rg8 35. a5 Qxb2 36.
h4 Qb1+ 37. Bg1 f4 38. h5 gxh5 39. Rd7 Qf5 40. Bc5 f3 41. Qf7 fxg2+ 42. Kh2 Qxf7 43.
Rxf7 e4 44. Be3 Be5+ 45. Kg1 h4 46. Rf5 Bg3 47. Bd4+ 1-0

[Event "GrandPrix_29.05"]
[Site "Chess.com"]
[Date "2020.05.29"]
[Round "4"]
[White "ploky25"]
[Black "DrVelja"]
[Result "1-0"]
[WhiteElo "2160"]
[BlackElo "2124"]
[TimeControl "600+2"]
[EndTime "11:00:34 PDT"]
[Termination "ploky25 won on time"]

1. d4 Nf6 2. c4 g6 3. Nc3 d5 4. cxd5 Nxd5 5. Bd2 Bg7 6. e4 Nb6 7. Be3 O-O 8. Bb5 Be6 9. Nge2 Nc4 10. Bxc4 Bxc4 11.
Rc1 Nc6 12. Qa4 Ba6 13. O-O e5 14. Rfd1 Bxe2 15. Nxe2 exd4 16. Nxd4 Nxd4 17. Bxd4 Bxd4 18. Rxd4 Qf6 19. Rxc7 Rac8 20. Rxc8 Rxc8 21. g3 Qf3 22. Rd1 b5 23. Qb3 Qxb3 24. axb3 Rc2 25. Rd5 a6 26. Rd6 a5 27. Rd5 b4 28. Rxa5 Rxb2 29. Rb5 Rxb3 30.
g4 Rb1+ 31. Kg2 h6 32. h4 b3 33.
Kg3 Kf8 34. f3 Ke7 35. Kf4 Kd6 36. Ke3 b2 37. Kf4 Kc6 38. Rb8 Kc5 39. Ke5 Rf1 40. Rxb2 Rxf3 41. Rc2+ Kb6 42. g5 h5 43. Kd6 Rf4 44.
Ke7 Rxe4+ 45. Kxf7 Rxh4 46. Kxg6 Rh1 47. Kh7 h4 48. g6 1-0

[Event "GrandPrix_29.05"]
[Site "Chess.com"]
[Date "2020.05.29"]
[Round "4"]
[White "Gabix_94"]
[Black "GeorgMeier"]
[Result "0-1"]
[WhiteElo "2458"]
[BlackElo "2650"]
[TimeControl "600+2"]
[EndTime "11:00:46 PDT"]
[Termination "GeorgMeier won by resignation"]

1. d4 e6 2. Nf3 Nf6 3. e3 d5 4. Bd3 c5 5. b3 Nc6 6. a3 b6 7. Bb2 Bb7 8. O-O Bd6 9. Nbd2 O-O 10. Re1 Qc7 11. dxc5 Bxc5 12. b4 Be7 13. e4 Rad8 14.
Qe2 a5 15. b5 Nb8 16. e5 Nfd7 17. Nf1 Nc5 18. Ng3 Nbd7 19. Nd4 Rc8 20. Rad1 Rfe8 21. Ba1 Bf8 22. h4 h6 23. Nh5 Ne4 24.
Nc6 Bxc6 25. bxc6 Nxe5 26. Bxe4 dxe4 27. Qxe4 Ng6 28. Qg4 Qxc6 29. Bxg7 Bxg7 30. Nxg7 Kxg7 31. h5 Qxc2 32. hxg6 Qxg6 33. Qd4+ Kh7 34. Qxb6 Rg8 35. g3 Rc3 36. Re3 Rxe3 37. Qxe3 Qf5 38. Rd7 h5 39. Qd4 Rg4 40. Qa7 Rg7 41. Qd4 e5 42. Qa4 Rg4 43. Qc6 h4 44. Qb7 Rg7 45. Qh1 Qb1+ 46. Kh2 hxg3+ 47. fxg3 Qxh1+ 48. Kxh1 Kg6 49. Rd5 Kf5 50. Kg2 a4 51. Ra5 Rg4 52. Kf3 Rc4 53. Kf2 f6 54. Rb5 Rc2+ 55. Kg1 Rc3 0-1

[Event "GrandPrix_29.05"]
[Site "Chess.com"]
[Date "2020.05.29"]
[Round "4"]
[White "eristeski7"]
[Black "0plaksin0"]
[Result "0-1"]
[WhiteElo "2058"]
[BlackElo "2188"]
[TimeControl "600+2"]
[EndTime "11:00:48 PDT"]
[Termination "0plaksin0 won on time"]

1. e4 c5 2. Nf3 d6 3. d4 cxd4 4.
Nxd4 Nf6 5. Nc3 g6 6. Be3 Bg7 7. f3 O-O 8. Qd2 Nc6 9. O-O-O Nxd4 10. Bxd4 Be6 11. h4 Qa5 12. h5 Bxa2 13. hxg6 hxg6 14.
g4 Be6 15. Qh2 Rfc8 16. Be2 Qa1+ 17. Kd2 Qxb2 18. Rb1 Qa3 19. Nb5 Qa5+ 20. c3 Nxe4+ 21. fxe4 Bxd4 22. Nxd4 Qxc3+ 23. Kd1 Qxd4+ 24. Ke1 Qc3+ 25.
Kf1 Bc4 26. Qh7+ Kf8 27. Qh6+ Ke8 28. Qh8+ Qxh8 29. Rxh8+ Kd7 30. Rxb7+ Ke6 31. Bxc4+ Kf6 32. Rxc8 Rxc8 33. Bd3 a5 34. Ra7 Rc5 35. Kf2 Re5 36.
Kf3 Kg5 37. Rd7 Kf6 38. Kf4 g5+ 39. Kf3 Rc5 40. Ra7 Rc3 41. Ke3 Ra3 42. Kd4 Ra1 43. Bb5 Rd1+ 44. Bd3 Ra1 45. Bb5 Ra2 46. Bc4 Rg2 47.
Rxa5 Rxg4 48. Bd3 Rf4 49. Ke3 Rh4 0-1

[Event "GrandPrix_29.05"]
[Site "Chess.com"]
[Date "2020.05.29"]
[Round "4"]
[White "Gurvich_Vitaly"]
[Black "vladislavkovalev"]
[Result "0-1"]
[WhiteElo "2321"]
[BlackElo "2697"]
[TimeControl "600+2"]
[EndTime "11:00:49 PDT"]
[Termination "vladislavkovalev won by checkmate"]

1. e4 e5 2. Nf3 Nc6 3. Bb5 a6 4. Bxc6 dxc6 5. O-O f6 6. d4 exd4 7. Nxd4 c5 8. Nb3 Be6 9. Bf4 g5 10. Qxd8+ Kxd8 11. Be3 b6 12. a4 a5 13. Nc3 Bd6 14.
f4 Nh6 15. fxg5 Ng4 16. Bf4 Bxf4 17. Rxf4 fxg5 18. Rd1+ Ke7 19. Nd5+ Bxd5 20. Rxg4 Bxb3 21. cxb3 h6 22. Rg3 Rad8 23. Rgd3 Rxd3 24. Rxd3 Rf8 25. g3 g4 26. Kg2 Ke6 27. Rd5 Rf3 28. h3 Rxb3 29. hxg4 Rxb2+ 30. Kf3 c4 31. Rh5 c3 32.
Ke3 Rg2 33. Rxh6+ Kd7 34. Kf3 c2 35. Rh1 Rd2 36. Rc1 Rd3+ 37. Kf4 Rc3 38. Ke5 Rc5+ 39.
Kf6 Rc6+ 40. Ke5 Rc4 41. Kf5 c6 42. g5 b5 43. axb5 cxb5 44. Kf6 Rc6+ 45. Kf7 b4 46. g6 b3 47. g7 Rc8 48. e5 b2 49.
Rxc2 Rxc2 50. g8=Q b1=Q 51. Qe8+ Kc7 52. Qe7+ Kb8 53. Qd8+ Rc8 54. Qxa5 Qf5+ 55. Ke7 Rc7+ 56. Ke8 Qc8# 0-1

[Event "GrandPrix_29.05"]
[Site "Chess.com"]
[Date "2020.05.29"]
[Round "4"]
[White "dzhumagaliev"]
[Black "ChessQueen"]
[Result "1-0"]
[WhiteElo "2174"]
[BlackElo "2064"]
[TimeControl "600+2"]
[EndTime "11:00:51 PDT"]
[Termination "dzhumagaliev won by resignation"]

1. h4 e5 2. h5 Nc6 3. c3 Bc5 4. d4 exd4 5. b4 Bb6 6. b5 Nce7 7. cxd4 Nf6 8. h6 g6 9. Nf3 d6 10. e3 Bf5 11. a4 Ba5+ 12. Bd2 c6 13. Bxa5 Qxa5+ 14. Qd2 Qxd2+ 15. Nbxd2 O-O 16. Nc4 Rfd8 17. Be2 Nfd5 18.
Kd2 Rac8 19. Rhc1 c5 20. Ng5 f6 21. Nf3 Nb4 22. Nb2 Be6 23. a5 Nf5 24. Na4 cxd4 25. Nxd4 Nxd4 26. exd4 Kf7 27. Rab1 Nd5 28. b6 axb6 29.
Nxb6 Nxb6 30. Rxb6 Bd5 31. Rxd6 Bc6 32. Bc4+ Ke7 33.
Re6+ Kd7 34. Rxf6 Kc7 35. Kd3 Kb8 36. f3 Bd5 37. Rc3 Bc6 38. Rb3 Rc7 39. a6 Ka7 40.
axb7 Bxb7 41. Ra3+ Kb8 42. Rb6 Rcd7 43. Rab3 Rxd4+ 44.
Ke3 Rxc4 45. Rxb7+ Kc8 46. Rxh7 Re8+ 47. Kf2 Rc2+ 48. Kg3 Ree2 49. Kf4 Rxg2 50. Rg7 Rc4+ 51. Ke3 Rh4 52. h7 Rgh2 53. Rc3+ Kd8 54. Ra3 1-0

[Event "GrandPrix_29.05"]
[Site "Chess.com"]
[Date "2020.05.29"]
[Round "4"]
[White "Todorovic1991"]
[Black "Flawless_Fighter"]
[Result "0-1"]
[WhiteElo "1707"]
[BlackElo "2230"]
[TimeControl "600+2"]
[EndTime "11:00:54 PDT"]
[Termination "Flawless_Fighter won on time"]

1. Nf3 Nf6 2. c4 e6 3. Nc3 d5 4.
d4 c5 5. cxd5 Nxd5 6. e4 Nxc3 7.
bxc3 cxd4 8. cxd4 Bb4+ 9. Bd2 Bxd2+ 10. Qxd2 O-O 11. Bc4 b6 12. O-O Bb7 13. Rfe1 Nd7 14. Rad1 Rc8 15. Bd3 h6 16. Qf4 Qf6 17. Qg3 Rfd8 18.
Bb1 Rc3 19. Re3 Rxe3 20. fxe3 Qe7 21. e5 Rc8 22. Qf4 b5 23. e4 Nb6 24. h4 a5 25.
Rf1 b4 26. Nh2 Ba6 27. Rd1 Be2 28. Re1 Bb5 29. d5 exd5 30. exd5 Rc4 31. Qf5 g6 32. Qf2 Nxd5 33. e6 fxe6 34. Qg3 Nf4 35. Nf3 Qf6 36. Kh2 Be8 37. Rd1 Kg7 38. Bd3 Nxd3 39. Rxd3 Bc6 40. Qc7+ Kf8 41. Rd8+ Be8 42. Qxc4 Qxd8 43. Qc5+ Qe7 44.
Qxa5 Qd6+ 45. Kh1 Bc6 46. Ne5 Bd5 47. Nxg6+ Kg7 48. h5 Qc6 49. Qa7+ Kf6 50. Qd4+ Kf5 0-1

[Event "GrandPrix_29.05"]
[Site "Chess.com"]
[Date "2020.05.29"]
[Round "4"]
[White "Andrei_Belozerov"]
[Black "DinaBelenkaya"]
[Result "1-0"]
[WhiteElo "2673"]
[BlackElo "1599"]
[TimeControl "600+2"]
[EndTime "11:01:03 PDT"]
[Termination "Andrei_Belozerov won by resignation"]

1. e4 d5 2. exd5 Qxd5 3. Nc3 Qa5 4. d4 Nf6 5. Nf3 c6 6. Bc4 Bf5 7. Bd2 Qb6 8. O-O e6 9. Bb3 Be7 10. Be3 Qc7 11. Ne5 O-O 12. g4 Bg6 13. h4 Nd5 14. h5 Nxc3 15. bxc3 Be4 16. f3 Bd5 17.
c4 f6 18. cxd5 fxe5 19. dxe6 exd4 20. Bf2 c5 21. Kg2 c4 22. Ba4 a6 23. Qxd4 b5 24.
h6 Bf6 25. Qd5 Qc6 26. Rad1 Qxd5 27. Rxd5 bxa4 28. hxg7 Kxg7 29. f4 h6 30. Rb1 Nc6 31. Rb7+ Kg8 32. Rc5 Rac8 33. f5 Ne5 34. Kg3 Rxc5 35.
Bxc5 Rd8 36. Be7 Bxe7 37. Rxe7 Nc6 38. Rc7 Rd6 39. Kf4 c3 40. g5 hxg5+ 41. Kxg5 Ne5 42. Rc8+ Kh7 43. Kf6 Ng4+ 44. Kg5 Ne5 45. Rxc3 Rd2 46. Rc7+ Kg8 47. f6 Nf3+ 48. Kf4 Nd4 49. Rc8+ Kh7 50.
e7 Ne6+ 51. Ke3 Rd1 52. e8=Q Re1+ 53. Kd2 Nf4 54. Qf7+ 1-0

[Event "GrandPrix_29.05"]
[Site "Chess.com"]
[Date "2020.05.29"]
[Round "4"]
[White "BMOchsner"]
[Black "Doukis"]
[Result "1-0"]
[WhiteElo "2171"]
[BlackElo "2185"]
[TimeControl "600+2"]
[EndTime "11:01:04 PDT"]
[Termination "BMOchsner won by resignation"]

1. e4 e5 2. Nf3 Nc6 3. Bb5 Nf6 4. O-O Nxe4 5. d4 Nd6 6. Bxc6 dxc6 7. dxe5 Nf5 8. Qxd8+ Kxd8 9. Rd1+ Ke8 10. Nc3 a5 11. h3 h6 12. Bf4 Be6 13. g4 Ne7 14.
Nd4 Bd7 15. Re1 Nd5 16. Nxd5 cxd5 17. e6 fxe6 18. Bxc7 Kf7 19. Nf3 Be8 20. Rad1 Bc5 21. Ne5+ Ke7 22. Nd3 Bd6 23. Bxd6+ Kxd6 24. c4 Rf8 25. Re3 Rc8 26. b3 a4 27. c5+ Ke7 28.
b4 Bb5 29. Ne5 Rf6 30. f4 Kf8 31. Kh2 Kg8 32. Kg3 Rcf8 33. Rd4 Kh7 34. h4 g5 35. hxg5 hxg5 36. fxg5 Rf1 37. Nf3 Bd7 38. a3 Kg7 39. Kg2 Ra1 40. Ne5 Bb5 41. Nf3 Ra2+ 42. Kg3 Ra1 43. Rxe6 Rxa3 44. Rf4 Rxf4 45. Kxf4 Ra1 46. Nd4 Bd3 47. Nf5+ Bxf5 48. gxf5 a3 49. Re7+ Kf8 50. Rxb7 a2 51. Ra7 Rf1+ 52. Ke5 a1=Q+ 53. Rxa1 Rxa1 54. Kxd5 Rb1 55. c6 Ke7 56. f6+ Kf7 57. c7 Rc1 58.
Kd6 Rd1+ 59. Kc6 Rc1+ 60. Kb7 1-0

[Event "GrandPrix_29.05"]
[Site "Chess.com"]
[Date "2020.05.29"]
[Round "4"]
[White "Jan1401"]
[Black "RogerFederer13"]
[Result "1-0"]
[WhiteElo "2419"]
[BlackElo "2100"]
[TimeControl "600+2"]
[EndTime "11:01:08 PDT"]
[Termination "Jan1401 won by resignation"]

1. e4 c6 2. Nf3 d5 3. d3 Bg4 4.
h3 Bh5 5. g4 Bg6 6. Qe2 e6 7.
h4 dxe4 8. dxe4 h5 9. g5 Nd7 10. Nbd2 Qc7 11. b3 Bd6 12. Bb2 Ne5 13. O-O-O O-O-O 14.
Bh3 Ne7 15. Nd4 Bc5 16. Bxe6+ Kb8 17. Nc4 Nxc4 18. Bxc4 b5 19. Nxc6+ Nxc6 20. Bd5 Nb4 21. Qxb5+ Qb6 22. Be5+ Bd6 23. Qxb6+ axb6 24. Bxg7 Nxd5 25.
Bxh8 Bxe4 26. Rhe1 Rxh8 27. Rxe4 Nc3 28. Rxd6 Nxe4 29.
Rxb6+ Kc7 30. Rb4 Nxf2 31. Rf4 Ng4 32. Rxf7+ Kd6 33. a4 Ne5 34. Rf6+ Kd5 35. Kb2 Ke4 36. a5 Nf3 37. Rh6 Ra8 38. b4 Nxh4 39. Rxh5 Nf5 40.
g6 Nd6 41. g7 Rg8 42. Rg5 Nf7 43. Rg2 Kf5 44. Kb3 Ng5 45. b5 Rxg7 46. a6 Ra7 47. Kb4 Ne4 48. Ka5 Nd6 49. Re2 Nc4+ 50. Kb4 Rc7 51. c3 Kf6 52. Ra2 Nb6 53. a7 Nd5+ 54. Kb3 Rxc3+ 55. Kb2 Rc8 56. a8=Q Rxa8 57. Rxa8 Ke7 58. Kb3 Kd6 59. Rb8 Kc5 60. Ka4 Ne3 61. Ka5 Nd5 62. Rc8+ 1-0

[Event "GrandPrix_29.05"]
[Site "Chess.com"]
[Date "2020.05.29"]
[Round "4"]
[White "Kostya_Nikologorskiy"]
[Black "EvgenyPigusov"]
[Result "1/2-1/2"]
[WhiteElo "2275"]
[BlackElo "2196"]
[TimeControl "600+2"]
[EndTime "11:01:12 PDT"]
[Termination "Game drawn - insufficient material"]

1. d4 Nf6 2. Bf4 d5 3. Nf3 e6 4. e3 c5 5. c3 Nc6 6. Bd3 Bd6 7.
Bg3 O-O 8. Nbd2 b6 9. Ne5 Bb7 10. O-O Ne7 11. Bh4 Ng6 12. Bxf6 gxf6 13. Nef3 f5 14.
g3 c4 15. Bc2 b5 16. Kg2 a5 17. h4 Kh8 18. Ng5 Qf6 19. Rh1 Qg7 20. f4 Ne7 21.
Kf2 Ng8 22. g4 fxg4 23. Qxg4 f5 24. Qh3 Bc8 25. Rag1 Qe7 26. Ndf3 Nf6 27. Ne5 Bd7 28. h5 Bxe5 29. dxe5 Ng4+ 30. Ke2 b4 31. Rxg4 fxg4 32. Qxg4 bxc3 33. Nxh7 Rg8 34. Qf3 Rab8 35. b3 cxb3 36. axb3 a4 37. Nf6 Rgf8 38. Qg3 axb3 39. Qg6 Qg7 40. Qxg7+ Kxg7 41. Rg1+ Kf7 42. Nxd7 bxc2 43. Nxb8 Rxb8 44. Rc1 Rh8 45. Rxc2 Rxh5 46. Rxc3 Rh2+ 47.
Kd3 Rh1 48. Rc7+ Ke8 49. Kd4 Kd8 50. Ra7 Rc1 51. Rh7 Rc4+ 52. Kd3 Ra4 53. Rb7 Ke8 54. Ke2 d4 55. exd4 Rxd4 56. Kf3 Rd1 57. Rb2 Kf7 58. Rb7+ Ke8 59. Rb3 Kf7 60. Kg4 Rg1+ 61. Rg3 Rf1 62. Kg5 Rf2 63. Rg4 Rf1 64. Rg2 Rf3 65. Kg4 Rf1 66.
Rh2 Rg1+ 67. Kf3 Rf1+ 68. Rf2 Rg1 69. Rh2 Rf1+ 70. Ke3 Re1+ 71. Kf2 Ra1 72. Rh7+ Kg6 73. Re7 Kf5 74. Rf7+ Ke4 75. Rf6 Ra3 76. Kg2 Rf3 77. Rxe6 Rxf4 78. Rg6 Rf5 79. e6 Re5 80. Kg3 Kf5 81.
Rh6 Rxe6 82. Rxe6 Kxe6 1/2-1/2

[Event "GrandPrix_29.05"]
[Site "Chess.com"]
[Date "2020.05.29"]
[Round "4"]
[White "Vazgen352"]
[Black "lilleper1"]
[Result "1/2-1/2"]
[WhiteElo "2484"]
[BlackElo "2353"]
[TimeControl "600+2"]
[EndTime "11:01:14 PDT"]
[Termination "Game drawn by repetition"]

1. c4 c5 2. Nc3 Nc6 3. g3 g6 4. Bg2 Bg7 5. Nf3 d6 6. d3 e6 7. O-O Nge7 8. Bg5 h6 9. Bd2 O-O 10.
Rb1 b6 11. a3 Bb7 12. Qc1 Kh7 13. b4 Qd7 14. b5 Nd4 15. Nxd4 Bxg2 16. Nxe6 fxe6 17.
Kxg2 d5 18. Qc2 Nf5 19. Qa2 Bxc3 20. Bxc3 d4 21. Bd2 e5 22. Kg1 h5 23. Bg5 Ng7 24. e4 Qg4 25. Qd2 Ne6 26. f4 Rf7 27. Qd1 Qh3 28. Qe2 Raf8 29. Qg2 Nxg5 30. fxg5 Qg4 31. Rxf7+ Rxf7 32. h4 Rf3 33. Kh2 Rxd3 34. Rf1 Re3 35. Rf2 d3 36. Rf7+ Kg8 37. Qf2 Qxg3+ 38. Qxg3 Rxg3 39.
Rf6 Re3 40. Rxg6+ Kf7 41. Rd6 Rxe4 42. Rxd3 Rxh4+ 43. Kg3 Rxc4 44. Rd7+ Kg6 45. Rxa7 Kxg5 46. Ra6 Rc3+ 47. Kf2 Kf4 48. Rxb6 Rxa3 49. Rh6 Ra2+ 50. Ke1 Kg5 51. Rc6 h4 52. Rxc5 Kf4 53. Rc4+ Ke3 54. Rc3+ Kf4 55. Rb3 e4 56. b6 Ra1+ 57. Ke2 Ra2+ 58.
Ke1 Ra1+ 59. Ke2 Ra2+ 60. Ke1 1/2-1/2